Map: Dusk Towers

Players

Elazer - Winner!

  • Race: Zerg Zerg
  • League: Grandmaster

SortOf

  • Race: Zerg Zerg
  • League: Grandmaster

Event: NationWars III

VOD

Have the link to the VOD?

Description

Time

  • Played on: Dec. 5, 2015, 12:22 p.m.
  • Length: 11:24

All games in this series

Show
View Real Time Build Order
Export as new Build Order

Elazer Zerg - Winner!

Build Orders: Hatch First 

Get SALT Encoding   

  12  0:00  Drone  
  13  0:12  Overlord  
  13  0:17  Drone  
  14  0:30  Drone x2  
  14  0:34  Drone  
  17  0:51  Hatchery  
  17  0:54  Drone  
  17  0:57  Drone  
  18  1:08  Extractor  
  17  1:13  Spawning Pool  
  17  1:15  Drone  
  17  1:19  Drone  
  18  1:30  Drone  
  19  1:38  Overlord  
  19  1:55  Drone  
  19  2:00  Queen  
  19  2:01  Zergling x2  
  23  2:03  Queen  
  23  2:04  Drone  
  26  2:08  Metabolic Boost  
  26  2:10  Drone  
  27  2:15  Drone  
  27  2:22  Drone  
  29  2:25  Drone  
  30  2:30  Baneling Nest  
  30  2:34  Zergling x2  
  30  2:36  Drone  
  31  2:46  Hatchery  
  31  2:50  Drone x2  
  32  2:56  Overlord  
  32  3:06  Drone  
  32  3:07  Drone  
  34  3:13  Drone  
  34  3:14  Drone  
  34  3:16  Zergling x8  
  34  3:18  Baneling x2  
  40  3:22  Queen  
  40  3:26  Overlord  
  41  3:31  Drone x2  
  43  3:36  Drone  
  43  3:39  Extractor  
  43  3:41  Evolution Chamber  
  43  3:47  Overlord  
  42  3:50  Zergling x2  
  42  3:52  Baneling x2  
  42  3:54  Zergling x4  
  45  3:56  Drone  
  45  3:57  Drone x2  
  48  4:05  Drone x2  
  48  4:09  Zerg Missile Weapons Level 1, Drone x2  
  51  4:10  Drone  
  51  4:30  Baneling x2  
  51  4:31  Zergling x8  
  52  4:34  Drone x2  
  52  4:36  Roach Warren, Zergling x6  
  56  4:40  Lair  
  56  4:42  Drone, Extractor  
  56  4:43  Drone x3  
  59  4:46  Baneling  
  58  5:07  Drone x8  
  58  5:10  Overlord x2  
  65  5:20  Drone  
  65  5:21  Drone x2  
  66  5:24  Overlord  
  66  5:29  Roach x5  
  66  5:30  Roach  
  72  5:42  Glial Reconstitution  
  72  5:43  Roach  
  72  5:44  Roach x6  
  72  5:46  Overlord  
  86  5:51  Extractor  
  86  5:52  Extractor  
  83  5:57  Drone x6  
  83  6:01  Drone  
  83  6:02  Drone  
  88  6:04  Drone x2  
  88  6:06  Drone  
  88  6:07  Zerg Missile Weapons Level 2  
  88  6:10  Overseer  
  91  6:12  Overlord  
  91  6:14  Drone x2  
  93  6:22  Drone, Overlord x2  
  93  6:23  Extractor  
  93  6:24  Drone x3  
  96  6:34  Ravager x3  
  96  6:35  Ravager  
  96  6:36  Overlord  
  100  6:42  Drone x2  
  100  6:43  Drone  
  100  6:44  Roach x2  
  107  6:47  Hatchery  
  107  6:49  Roach  
  107  6:50  Roach x2  
  107  6:54  Overlord x2  
  112  7:02  Roach  
  112  7:03  Roach x4  
  123  7:08  Ravager x3  
  123  7:09  Ravager  
  123  7:11  Overlord x3  
  123  7:13  Roach  
  128  7:17  Roach x3  
  128  7:22  Roach x3  
  140  7:27  Roach x3  
  146  7:34  Roach x4  
  154  7:41  Roach x3  
  154  7:42  Roach  
  162  7:44  Ravager  
  162  7:45  Ravager  
  162  7:47  Overlord x2  
  162  7:51  Ravager  
  165  7:52  Roach x2  
  169  8:00  Roach x3  
  169  8:05  Roach x6  
  185  8:11  Roach  
  185  8:12  Roach x3  
  191  8:17  Ravager  
  192  8:22  Overlord  
  192  8:24  Zerg Ground Armor Level 1  
  166  8:43  Roach x11  
  188  8:50  Ravager  
  189  9:00  Tunneling Claws  
  189  9:01  Burrow  
  189  9:08  Roach x4  
  195  9:20  Roach x2  
  195  9:21  Ravager  
  194  9:37  Roach  
  194  9:38  Roach x5  
  185  9:41  Roach x4  
  185  9:45  Overlord  
  191  9:46  Ravager  
  192  10:03  Queen  
  194  10:10  Roach x3  
  200  10:25  Infestation Pit  
  200  10:26  Roach x2  
  200  10:27  Hydralisk Den, Roach x4  
  196  10:52  Roach x4  
  196  10:53  Roach  
  199  11:03  Roach x7  
  147  11:17  Ravager x3  
Show
View Real Time Build Order
Export as new Build Order

SortOf Zerg 

Build Orders: Hatch First 

Get SALT Encoding   

  12  0:00  Drone  
  13  0:13  Overlord  
  13  0:18  Drone  
  14  0:31  Drone x2  
  14  0:35  Drone  
  17  0:45  Drone  
  18  0:54  Hatchery  
  17  0:57  Drone  
  17  1:01  Extractor  
  17  1:08  Drone  
  18  1:15  Spawning Pool  
  17  1:19  Drone  
  18  1:29  Drone  
  19  1:39  Overlord  
  19  1:53  Drone  
  20  2:01  Queen  
  20  2:03  Metabolic Boost, Zergling x2  
  20  2:06  Drone, Queen  
  26  2:11  Drone  
  27  2:17  Drone  
  27  2:22  Baneling Nest  
  27  2:24  Drone  
  27  2:29  Drone  
  29  2:35  Drone  
  30  2:37  Queen  
  30  2:41  Overlord  
  32  2:50  Drone x2  
  34  3:02  Zergling x4  
  35  3:09  Drone  
  35  3:11  Drone  
  35  3:12  Overlord  
  37  3:13  Drone x2  
  37  3:14  Drone x3  
  37  3:17  Overlord  
  42  3:32  Hatchery  
  41  3:34  Baneling  
  41  3:35  Baneling  
  41  3:37  Drone x3  
  44  3:41  Zergling x2  
  44  3:43  Extractor  
  44  3:46  Zergling x6  
  44  3:47  Zergling x2  
  44  3:48  Baneling  
  48  3:49  Baneling  
  48  3:51  Zergling x2  
  48  3:54  Overlord  
  49  3:56  Zergling x2  
  50  4:04  Drone x3  
  50  4:09  Drone  
  54  4:13  Evolution Chamber  
  51  4:24  Overlord  
  51  4:28  Drone  
  51  4:29  Drone x3  
  51  4:30  Drone  
  54  4:33  Roach Warren  
  54  4:34  Queen  
  55  4:39  Zerg Missile Weapons Level 1  
  55  4:41  Lair  
  55  4:43  Drone x2  
  55  4:44  Baneling x2  
  57  4:46  Drone  
  57  4:52  Drone  
  56  4:53  Zergling x4  
  56  4:59  Zergling x4  
  59  5:04  Drone x2  
  58  5:09  Zergling x6  
  58  5:10  Zergling x2  
  58  5:11  Zergling x4  
  58  5:12  Zergling x2  
  65  5:18  Roach x3  
  71  5:21  Overlord  
  71  5:23  Extractor  
  71  5:24  Extractor  
  68  5:30  Roach x2  
  66  5:38  Roach  
  66  5:39  Overlord, Glial Reconstitution  
  66  5:40  Queen  
  66  5:41  Drone x3  
  66  5:42  Drone x3  
  74  5:50  Overlord x2  
  72  6:04  Roach x6  
  72  6:08  Drone x2  
  72  6:09  Drone x2  
  86  6:12  Ravager x2  
  86  6:13  Overlord, Ravager  
  86  6:14  Extractor  
  86  6:15  Roach  
  86  6:18  Overlord  
  90  6:20  Drone  
  90  6:21  Drone x2  
  90  6:25  Drone  
  94  6:32  Roach  
  96  6:33  Roach x2  
  96  6:37  Drone x3  
  96  6:38  Zerg Missile Weapons Level 2  
  96  6:39  Overlord x2  
  103  6:45  Roach  
  105  6:47  Overlord  
  105  6:50  Roach x2  
  105  6:51  Roach x2  
  105  6:52  Overlord  
  113  6:55  Ravager  
  113  6:56  Overlord  
  113  6:57  Overseer  
  113  6:59  Roach  
  113  7:00  Roach  
  118  7:07  Roach x3  
  124  7:12  Roach x2  
  124  7:13  Overlord, Roach  
  130  7:18  Roach  
  132  7:23  Roach x2  
  132  7:27  Roach  
  132  7:28  Roach x4  
  146  7:30  Overlord  
  146  7:32  Roach x2  
  150  7:37  Roach  
  150  7:38  Roach  
  150  7:42  Overlord  
  154  7:47  Hatchery, Overlord  
  154  7:48  Ravager  
  154  7:52  Roach  
  154  7:53  Roach x2  
  160  8:02  Roach  
  160  8:03  Roach x5  
  162  8:10  Roach  
  162  8:11  Roach x4  
  164  8:16  Roach  
  164  8:17  Roach x2  
  168  8:24  Roach x3  
  174  8:28  Overlord  
  174  8:40  Roach x6  
  161  8:45  Roach  
  155  8:49  Ravager x2  
  155  8:55  Roach x5  
  167  8:58  Roach x2  
  167  9:01  Hatchery  
  168  9:03  Roach x2  
  168  9:08  Roach x3  
  178  9:13  Roach x2  
  178  9:20  Roach  
  178  9:27  Overlord x2  
  164  9:36  Roach x9  
  156  9:42  Overseer  
  156  9:46  Roach x4  
  156  9:48  Roach  
  166  9:53  Roach x4  
  166  9:56  Overlord  
  166  9:58  Overlord  
  174  10:02  Overlord x2  
  174  10:07  Overlord  
  168  10:16  Roach x7  
  168  10:20  Ravager  
  181  10:21  Ravager  
  181  10:23  Roach x2  
  186  10:29  Roach x3  
  186  10:35  Roach x4  
  198  10:43  Roach  
  145  11:04  Roach  
  145  11:05  Roach x12  
Tags
 
Add a new tag
Caveats
  • Supply blocks, unpowered buildings, or Contaminate may cause inaccurate times.
  • Supply counts are checked every 10 seconds.